 Dungeon Crawl Stone Soup version 0.20.1-1-g8b1a95d (console) character file.

100 hilaritas the Cutter (level 5, -1/36 HPs)
             Began as a Halfling Berserker on Nov 18, 2017.
             Was a Priest of Trog.
             Slain by Grinder (5 damage)
             ... on level 3 of the Dungeon.
             The game lasted 00:05:44 (2792 turns).

hilaritas the Cutter (Halfling Berserker)           Turns: 2792, Time: 00:05:45

Health: -1/36      AC:  7    Str: 19    XL:     5   Next: 3%
Magic:  5/5        EV: 12    Int:  5    God:    Trog [***...]
Gold:   148        SH:  4    Dex: 14    Spells: 4/4 levels left

rFire    . . .     SeeInvis .   e - +0 short sword (freeze)
rCold    . . .     Gourm    .   n - +0 buckler
rNeg     . . .     Faith    .   f - +0 scale mail
rPois    .         Spirit   .   (no helmet)
rElec    .         Reflect  .   (no cloak)
rCorr    .         Harm     .   a - +0 pair of gloves
MR       ++...                  (no boots)
Stlth    ..........             (no amulet)
Regen    1.2/turn               (no ring)
MPRegen  0.1/turn               (no ring)

@: berserk cooldown, regenerating, slowed, very slow
A: mutation resistance 1
a: Berserk, Trog's Hand, Burn Spellbooks, Renounce Religion


You were on level 3 of the Dungeon.
You worshipped Trog.
Trog was most pleased with you.
You were very hungry.

You visited 1 branch of the dungeon, and saw 3 of its levels.

You collected 148 gold pieces.

Inventory:

Hand Weapons
 e - a +0 short sword of freezing (weapon)
 r - a +0 rapier
Armour
 a - a +0 pair of gloves (worn)
 f - a +0 scale mail (worn)
 n - a +0 buckler (worn)
Scrolls
 g - 2 scrolls of fear {unknown}
 h - a scroll of enchant armour {unknown}
 i - a scroll of magic mapping {unknown}
 l - 3 scrolls of identify {unknown}
 m - a scroll of random uselessness {unknown}
 o - 2 scrolls of remove curse {unknown}
 q - a scroll of fog {unknown}
 t - a scroll of enchant weapon {unknown}
Potions
 b - a potion of mutation {unknown}
 d - a potion of cancellation {unknown}
 k - 4 potions of curing {unknown}
 p - 3 potions of invisibility
Comestibles
 c - 2 bread rations
 j - 3 royal jellies
 s - a chunk of flesh
 u - a fruit


   Skills:
 + Level 3.4 Fighting
 * Level 5.5 Short Blades
 - Level 2.1 Armour
 - Level 2.1 Dodging
 * Level 0.9 Shields


You had 4 spell levels left.
You didn't know any spells.

Dungeon Overview and Level Annotations

Branches:
Dungeon (3/15)

Altars:
Okawaru
Trog

Annotations:
D:3 Grinder


Innate Abilities, Weirdness & Mutations

You are small and have problems with some larger weapons.
You are somewhat resistant to further mutation.


Message History

Grinder is severely wounded.
Your transformation has ended.
Your +0 short sword of freezing unmelds from your body.
Your +0 pair of gloves unmelds from your body.
Your +0 buckler unmelds from your body.
Your +0 scale mail unmelds from your body.
Your +0 short sword of freezing glows with a cold blue light!
Grinder hits you!
You writhe in agony.
You barely miss Grinder.
Grinder is severely wounded.
Grinder hits you!
You writhe in agony.
Grinder hits you!
* * * LOW HITPOINT WARNING * * *
You writhe in agony.
* * * LOW HITPOINT WARNING * * *
You barely miss Grinder.
Grinder is severely wounded.
Grinder hits you.
* * * LOW HITPOINT WARNING * * *
You writhe in agony.
You die...

...# #..........####+#+##รท..#.#
##.# #(......#..# #...........#
##.# #..<....#..###.....###.###
.#.# #.......#...##.....###.#.#
.#.# #.......#...##.....'.....#
...# #.......#....#.....###.#.#
.#.####.......#.......#####.<..#
.#............##.#.#### ##.###
##.###...#'##.##.#..########.#
##.# #...#.##.##.##.........##
..# #...#.##.##@##..########
#### #...#.##.##5#...#
#...#.##.##[#.#.######
##+##................#
.........#....#.###.#
)..........##.#..# #
......#.......##.# .#
......####.#####.##.# ......
#.#........# ...... #.#.####...#
..... #.# #....#.#


You could see Grinder.

Vanquished Creatures
  An adder (D:3)
  An ooze (D:1)
  3 worms (D:2)
  A dart slug (D:2)
  A leopard gecko (D:1)
  6 giant cockroaches
  18 goblins
  11 hobgoblins
  2 jackals (D:1)
  2 ball pythons (D:1)
  9 bats
  2 frilled lizards (D:2)
  3 kobolds
  7 rats
67 creatures vanquished.

Notes
Turn   | Place    | Note
-------+----------+-------------------------------------------
     0 | D:1      | hilaritas the Halfling Berserker began the quest for the Orb.
     0 | D:1      | Reached XP level 1. HP: 15/15 MP: 1/1
    56 | D:1      | Reached skill level 4 in Short Blades
   234 | D:1      | Reached XP level 2. HP: 20/20 MP: 2/2
   414 | D:1      | Reached XP level 3. HP: 13/25 MP: 3/3
   900 | D:1      | Reached ** piety under Trog
  1366 | D:2      | Reached skill level 5 in Short Blades
  1366 | D:2      | Reached XP level 4. HP: 24/31 MP: 4/4
  1636 | D:2      | Found a bloodstained altar of Trog.
  2418 | D:2      | Reached *** piety under Trog
  2590 | D:3      | Reached XP level 5. HP: 33/36 MP: 5/5
  2722 | D:3      | Found an iron altar of Okawaru.
  2747 | D:3      | Noticed Grinder
  2780 | D:3      | Paralysed by Grinder for 6 turns
  2792 | D:3      | Slain by Grinder

Skill      XL: |  1  2  3 |
---------------+----------+-----
Short Blades   | 4 5 |  5.5
Fighting       | 3 |  3.4
Armour         | |  2.1
Dodging        | |  2.1
Shields        | |  0.9

Action                   |  1- 3 |  4- 6 || total
-------------------------+-------+-------++-------
Melee: Short sword       |    92 |   115 ||   207
       Unarmed           |       |     6 ||     6
Invok: Berserk           |     1 |     2 ||     3
       Trog's Hand       |       |     2 ||     2
  Eat: Chunk             |     2 |     6 ||     8
Armor: Animal skin       |    14 |     3 ||    17
       Scale mail        |       |    12 ||    12
Dodge: Dodged            |    78 |    41 ||   119
Block: Buckler           |       |    17 ||    17
